 Dungeon Crawl Stone Soup version 0.28-a0-43-g560ac104fe (webtiles) character file.

Game seed: 5089001794786289962

84 PentaManta the Cudgeller (level 4, -2/28 HPs)
             Began as a Gargoyle Fighter on July 28, 2021.
             Killed from afar by a white imp (9 damage)
             ... with a puff of frost
             ... summoned by Natasha
             ... on level 4 of the Dungeon.
             The game lasted 00:03:53 (2854 turns).

PentaManta the Cudgeller (Gargoyle Fighter)         Turns: 2854, Time: 00:03:54

Health: -2/28      AC: 10    Str: 20    XL:     4   Next: 45%
Magic:  4/4        EV:  9    Int:  9    God:
Gold:   172        SH:  0    Dex:  9    Spells: 3/3 levels left

rFire   . . .      SeeInvis .   e - +0 whip
rCold   . . .      Faith    .   (no shield)
rNeg    + . .      Spirit   .   b - +0 scale mail
rPois   ∞          Reflect  .   (no helmet)
rElec   +          Harm     .   (no cloak)
rCorr   .          Rampage  .   (no gloves)
Will    .....                   (no boots)
Stlth   ..........              (no amulet)
HPRegen 0.09/turn               (no ring)
MPRegen 0.09/turn               (no ring)

@: slowed, very slow
A: sickness immunity, AC +3, negative energy resistance 1, electricity
resistance, torment resistance 1, petrification resistance
a: no special abilities


You were on level 4 of the Dungeon.
You visited 1 branch of the dungeon, and saw 4 of its levels.

You collected 172 gold pieces.

Inventory:

Hand Weapons
 a - a +0 flail
 e - a +0 whip (weapon)
 g - a +1 dagger of venom
 o - a +0 mace
Armour
 b - a +0 scale mail (worn)
 c - a +0 kite shield
Jewellery
 i - a ring of willpower
Scrolls
 j - a scroll of enchant armour {unknown}
 k - 2 scrolls of fog {unknown}
 n - 2 scrolls of identify {unknown}
Potions
 d - a potion of might
 f - 2 potions of brilliance {unknown}
 h - a potion of curing {unknown}
 l - a potion of degeneration {unknown}
 m - a potion of mutation {unknown}


   Skills:
 - Level 3.2 Fighting
 + Level 4.5 Maces & Flails
 - Level 3.2 Armour
 - Level 3.2 Shields


You had 3 spell levels left.
You didn't know any spells.
Your spell library was empty.

Dungeon Overview and Level Annotations

Branches:
Dungeon (4/15)
 Temple: D:4-7

Altars:
Kikubaaqudgha
Makhleb

Annotations:
D:4 Natasha


Innate Abilities, Weirdness & Mutations

You are immune to sickness and miasma.
Your stone body is resilient. (AC +3)
You are immune to poison.
You resist negative energy. (rN+)
You are resistant to electric shocks. (rElec)
You are resistant to unholy torment.
You are immune to petrification.


Message History

The orc priest looks encouraged for a moment.
The shadow imp hits you but does no damage.
Natasha claws you but does no damage.
You climb downwards.
The shadow imp disappears in a puff of smoke!
Found 23 stones and a glowing brown potion.
Found an escape hatch in the ceiling.
Found a stone staircase leading down.
There is a stone staircase leading up here.
You hit Natasha.
Natasha is lightly wounded.
Natasha stares at you and mumbles some strange words.
You feel yourself slow down.
You barely miss Natasha.
Natasha is lightly wounded.
Natasha claws you but does no damage. Natasha claws you.
You closely miss Natasha.
Natasha is lightly wounded.
Natasha barely misses you. Natasha claws you but does no damage.
You hit Natasha but do no damage.
Natasha is lightly wounded.
Natasha claws you but does no damage. Natasha barely misses you.
You barely miss Natasha.
Natasha is lightly wounded.
Natasha mumbles some strange words.
You hit Natasha but do no damage.
Natasha is lightly wounded.
Natasha closely misses you. x2
Natasha mewls in sadness.
Natasha barely misses you.
You barely miss Natasha.
Natasha is lightly wounded.
Natasha barely misses you. The white imp gestures at you.
The puff of frost hits you. Natasha claws you.
* * * LOW HITPOINT WARNING * * *
Your scale mail prevents you from hitting Natasha.
Natasha is lightly wounded.
The white imp gestures at you. The puff of frost hits you!
You die...

## #.
###.##.####<#
......5@..(.#
###....h..!.>..
#############


You could see Natasha (fast) and a white imp (summoned).

Vanquished Creatures
  An adder (D:2)
  A worm (D:2)
  4 dart slugs
  5 ball pythons
  6 endoplasms
  3 goblins
  10 hobgoblins
  3 jackals (D:2)
  6 quokkas
  6 bats
  6 frilled lizards
  5 kobolds
  A rat (D:3)
57 creatures vanquished.

Notes
Turn   | Place    | Note
-------+----------+-------------------------------------------
     0 | D:1      | PentaManta the Gargoyle Fighter began the quest for the
                  | Orb.
     0 | D:1      | Reached XP level 1. HP: 14/14 MP: 1/1
   421 | D:1      | Reached XP level 2. HP: 11/19 MP: 2/2
   712 | D:1      | Reached skill level 3 in Maces & Flails
   843 | D:1      | Reached XP level 3. HP: 23/23 MP: 3/3
   850 | D:1      | Found a faded altar of an unknown god.
  1762 | D:2      | Reached skill level 4 in Maces & Flails
  1891 | D:2      | Reached XP level 4. HP: 21/28 MP: 4/4
  2826 | D:3      | Found a burning altar of Makhleb.
  2826 | D:3      | Found an ancient bone altar of Kikubaaqudgha.
  2835 | D:3      | Noticed Natasha
  2854 | D:4      | Killed from afar by a white imp

Illustrated notes

Levels and vault maps discovered:
D:1:      mainiacjoe_arrival_reflecting_pool, layout_loops_ring,
          ebering_ecumenical_altar_sacrificial, minmay_vboxes
D:2:      layout_basic
D:3:      layout_rooms, nicolae_uskayaw_murder_on_the_dancefloor,
          mainiacjoe_overflow_catch_the_wave, nicolae_overflow_hidden_temple,
          serial_shops, shop_coins, hangedman_decor_points, uniq_natasha
D:4:      layout_loops_ring, nicolae_shop_sticking_my_neck_out

Skill      XL: |  1  2  3 |
---------------+----------+-----
Maces & Flails | 3 4 |  4.5
Fighting       | |  3.2
Armour         | |  3.2
Shields        | |  3.2

Action                   |  1- 3 |  4- 6 || total
-------------------------+-------+-------++-------
Melee: Whip              |   172 |    82 ||   254
Armor: Scale mail        |    91 |    45 ||   136
Dodge: Dodged            |    87 |    31 ||   118

Table legend: (Time is in decaauts)
 A = Elapsed time spent in this place.
 B = Non-inter-level travel time spent in this place.
 C = Inter-level travel time spent in this place.
 D = Time resting spent in this place.
 E = Time spent auto-exploring this place.
 F = Levels seen in this place.
 G = Mean time per level.
                   A        B        C        D        E       F      G
               +--------+--------+--------+--------+--------+-----+--------+
         Total |   2834 |   2784 |     50 |    113 |   1933 |   4 |  708.5 |
       Dungeon |   2834 |   2784 |     50 |    113 |   1933 |   4 |  708.5 |
               +--------+--------+--------+--------+--------+-----+--------+

Top non-repeatable levels by time:
     D:1: 1473 daAuts
     D:2: 1282 daAuts
     D:3: 69 daAuts
     D:4: 9 daAuts
